 Dungeon Crawl Stone Soup version 0.19-a0-1071-g4ed3155 (webtiles) character file.

708 Charly the Covert (level 7, 32/32 HPs)
             Began as a Spriggan Enchanter on Aug 5, 2016.
             Quit the game on level 5 of the Dungeon.
             The game lasted 00:22:10 (1403 turns).

Charly the Covert (Spriggan Enchanter)              Turns: 1403, Time: 00:22:11

Health: 32/32      AC:  3    Str:  4    XL:     7   Next: 40%
Magic:  12/12      EV: 18    Int: 17    God:
Gold:   145        SH:  0    Dex: 20    Spells: 3 memorised, 3 levels left

rFire  . . .     SeeInvis +     m - +0 dagger (venom)
rCold  . . .     Gourm    .     b - +1 robe
rNeg   . . .     Faith    .     (shield restricted)
rPois  .         Spirit   .     (helmet restricted)
rElec  .         Dismiss  .     (no cloak)
rCorr  .         Reflect  .     (gloves unavailable)
SustAt .         Harm     .     (boots unavailable)
MR     +....                    (no amulet)
Stlth  +++++.....               (no ring)
                                g - +2 ring of dexterity

@: very quick
A: unfitting armour, see invisible, herbivore 3, speed 3, slow metabolism 2
a: no special abilities


You were on level 5 of the Dungeon.
You were not hungry.

You visited 1 branch of the dungeon, and saw 8 of its levels.

You collected 145 gold pieces.

Inventory:

Hand Weapons
 a - a +1 dagger
 m - a +0 dagger of venom (weapon)
Armour
 b - a +1 robe (worn)
Jewellery
 g - a +2 ring of dexterity (left hand)
Scrolls
 i - 3 scrolls of remove curse
 q - a scroll of identify
Potions
 e - 2 potions of lignification {unknown}
 f - 2 potions of cancellation
 h - 2 potions of curing {unknown}
 j - a potion of degeneration {unknown}
 k - a potion of might {unknown}
 l - 2 potions of heal wounds {unknown}
 n - a potion of flight {unknown}
 o - a potion of agility {unknown}
 p - a potion of magic {unknown}
Books
 c - a book of Maledictions

   Spells                             Type                      Level
   a - Corona                         Hexes                        1
   b - Ensorcelled Hibernation        Hexes/Ice                    2
   c - Confuse                        Hexes                        3
   d - Tukima's Dance                 Hexes                        3
   e - Dazzling Spray                 Conjuration/Hexes            3
Comestibles
 d - 5 bread rations


   Skills:
 - Level 1.1 Short Blades
 - Level 3.0 Dodging
 + Level 9.8 Stealth
 - Level 2.6 Spellcasting
 + Level 8.0 Hexes


You had 3 spell levels left.
You knew the following spells:

 Your Spells              Type           Power        Failure   Level  Hunger
c - Confuse               Hex            ####....     1%          3    ###....
h - Ensorcelled Hibernat  Hex/Ice        ###...       6%          2    ##.....
s - Dazzling Spray        Conj/Hex       ###...       12%         3    ###....


Dungeon Overview and Level Annotations

Branches:
Dungeon (8/15)
 Temple: D:4-7         Lair: D:8-11

Altars:
Ashenzari
Uskayaw
The Shining One

Annotations:
D:3 Ijyb, Terence


Innate Abilities, Weirdness & Mutations

You are tiny and cannot use many weapons and most armour.
You have supernaturally acute eyesight. (SInv)
You are a herbivore.
You cover ground extremely quickly.
You need consume almost no food.


Message History

You climb downwards.
There is a stone staircase leading up here.
There is a stone staircase leading up here.
You climb upwards.
The jackal barks!
There is a stone staircase leading down here.
An orc comes into view.
An orc comes into view. It is wielding a hand axe.
Found 10 gold pieces.
The orc shouts!
The orc shouts!
Found a ring mail and 16 sling bullets.
The orc shouts!
Are you sure you want to abandon this character and quit the game? (Confirm with "yes".)
Okay, then.
You are a level 7 Spriggan Enchanter.
You are 40% of the way to level 8.
Play time: 00:21:56 (1400 turns)
You open the door.
There is an open door here.
Are you sure you want to abandon this character and quit the game? (Confirm with "yes".)

....###########.##.##.#..........
....# ......[..# #.#......<...
...... .........# ..#..........
....#.....o..(..#######..........
....#....######......##........).
###.# ## #...............#..
########.....######...#.#
.......'.....+........#.#
########@....######...#.#
.............# #...#.#
##+#+#############.# #)#...#
#............# .#####.#...#
#............##### #.. #.#...#
#..................#.# #.#...#
#).................#<# #.#...#
####..................### #.#.#.#
#..................).. #.#...#


There were no monsters in sight!

Vanquished Creatures
  2 ice beasts
  2 ogres
  A phantom (D:7)
  A jelly (D:6)
  A giant frog skeleton (D:5)
  An orc priest (D:5)
  2 orc wizards (D:7)
  An iguana (D:6)
  A worker ant (D:6)
  A worker ant zombie (D:6)
  A gnoll (D:3)
  2 adders
  A shadow imp (D:7)
  2 oozes
  An adder zombie (D:6)
  A giant gecko (D:6)
  4 orcs
  2 giant cockroaches
  2 goblins
  2 hobgoblins
  A jackal (D:3)
  A bat (D:1)
  A giant gecko skeleton (D:7)
  2 kobolds
  A rat (D:1)
37 creatures vanquished.

Notes
Turn   | Place    | Note
-------+----------+-------------------------------------------
     0 | D:1      | Charly the Spriggan Enchanter began the quest for the Orb.
     0 | D:1      | Reached XP level 1. HP: 9/9 MP: 5/5
     0 | D:1      | Charly: ??stab
     0 | D:1      | beem: stabbing[1/5]: A stab with a short blade does increased damage: (dam+bonus)*mult, where bonus depends on your dex as well as your stealth and weapon skills and is capped at 30, and mult depends on your stealth/weapon skills and the type of stab (sleep/paralysis is best). Non-short blades don't get a bonus and have lower mult. Daggers get bonus doubled (but still capped at 30).
   135 | D:2      | Found a hide-covered altar of Uskayaw.
   150 | D:2      | Noticed a dagger
   151 | D:2      | Noticed a dagger
   153 | D:3      | Noticed Terence
   219 | D:3      | Found a shattered altar of Ashenzari.
   221 | D:3      | Reached XP level 2. HP: 6/13 MP: 6/6
   231 | D:3      | Reached skill level 5 in Stealth
   235 | D:3      | Learned a level 2 spell: Ensorcelled Hibernation
   267 | D:4      | Noticed a phantom
   293 | D:5      | Entered Level 5 of the Dungeon
   375 | D:6      | Reached XP level 3. HP: 10/16 MP: 8/8
   383 | D:7      | Noticed an ice beast
   386 | D:7      | Killed an ice beast
   386 | D:7      | Reached skill level 7 in Stealth
   386 | D:7      | Reached skill level 5 in Hexes
   386 | D:7      | Reached XP level 4. HP: 14/21 MP: 9/9
   386 | D:7      | Reached XP level 5. HP: 16/24 MP: 10/10
   503 | D:7      | Learned a level 3 spell: Dazzling Spray
   507 | D:7      | Learned a level 3 spell: Confuse
   566 | D:7      | Noticed an ogre
   572 | D:7      | Killed an ogre
   581 | D:7      | Reached skill level 8 in Stealth
   581 | D:7      | Reached XP level 6. HP: 18/28 MP: 1/11
   710 | D:5      | Noticed an ice beast
   717 | D:5      | Killed an ice beast
   895 | D:5      | Reached skill level 9 in Stealth
   895 | D:5      | Reached XP level 7. HP: 26/32 MP: 3/12
   903 | D:5      | You fall through a shaft for 2 floors!
  1193 | D:4      | Found a glowing golden altar of the Shining One.
  1235 | D:3      | Noticed Ijyb
  1403 | D:5      | Quit the game

Vault maps used:
D:1:      minmay_arrival_jagged
D:2:      dancing_weapons_uskayaw, ecumenical_altar_2
D:3:      lemuel_castle_with_subvaults, first_bread,
          nicolae_ashenzari_panopticon, uniq_crazy_yiuf_cottage, uniq_terence,
          uniq_iyjb
D:4:      tso_altar

Skill      XL: |  1  2  3  4  5  6  7 |
---------------+----------------------+-----
Hexes          | 4 5 6 7 8 |  8.0
Stealth        | 5 7 8 9 |  9.8
Short Blades   | |  1.1
Dodging        | |  3.0
Spellcasting   | |  2.6

Action                   |  1- 3 |  4- 6 |  7- 9 || total
-------------------------+-------+-------+-------++-------
Melee: Dagger            |    41 |    36 |    11 ||    88
 Cast: Corona            |     4 |       |       ||     4
       Ensorcelled Hiber |     1 |     4 |     3 ||     8
       Dazzling Spray    |       |     5 |       ||     5
       Confuse           |       |     1 |     2 ||     3
  Use: Scroll            |       |     4 |     3 ||     7
 Stab: Sleeping          |     6 |     8 |     6 ||    20
       Invisible         |       |     4 |       ||     4
       Confused          |       |     2 |     1 ||     3
       Distracted        |       |       |     1 ||     1
  Eat: Fruit             |       |       |     2 ||     2
Armor: Robe              |     9 |     4 |       ||    13
Dodge: Dodged            |    55 |    17 |    14 ||    86
